 Dungeon Crawl Stone Soup version 0.20-a0-1078-g4874019 (webtiles) character file.

923 Leszczynek the Martial Artist (level 8, 63/65 HPs)
             Began as a Gnoll Wanderer on Apr 30, 2017.
             Quit the game in the Ecumenical Temple.
             The game lasted 00:26:24 (5795 turns).

Leszczynek the Martial Artist (Gnoll Wanderer)      Turns: 5795, Time: 00:26:24

Health: 63/65      AC:  5    Str: 13    XL:     8   Next: 10%
Magic:  15/15      EV: 16    Int: 12    God:
Gold:   247        SH:  0    Dex: 16    Spells: 12/16 levels left

rFire    + . .     SeeInvis .     - Unarmed
rCold    . . .     Gourm    .   (no shield)
rNeg     . . .     Faith    .   B - +1 robe of the Cicada {rElec rCorr Str+2 Stlth+}
rPois    .         Spirit   .   (no helmet)
rElec    +         Reflect  .   r - +1 cloak
rCorr    +         Harm     .   (no gloves)
MR       .....                  (no boots)
Stlth    ++........             (no amulet)
Regen    0.2/turn               m - ring of protection from fire
MPRegen  0.2/turn               (no ring)

@: no status effects
A: short attention span, fangs 1, strong nose
a: no special abilities


You were in the Ecumenical Temple.
You were not hungry.

You visited 2 branches of the dungeon, and saw 7 of its levels.
You also visited: Sewer.

You collected 247 gold pieces.

Inventory:

Hand Weapons
 b - a +2 blowgun
Missiles
 c - 7 tomahawks (quivered)
 g - 2 curare-tipped needles
 u - 28 poisoned needles
Armour
 r - a +1 cloak (worn)
 y - the +4 scale mail "Qaeko" {MR+ MP+9}
   (You found it on level 4 of the Dungeon)

   It affects your resistance to hostile enchantments.
   It affects your magic capacity (+9).
 B - the +1 robe of the Cicada (worn) {rElec rCorr Str+2 Stlth+}
   (You found it on level 5 of the Dungeon)

   It affects your strength (+2).
   It insulates you from electricity.
   It protects you from acid and corrosion.
   It makes you more stealthy.
Jewellery
 m - a ring of protection from fire (left hand)
Wands
 k - a wand of digging (12/24)
 s - a wand of flame (32/48)
 v - a wand of paralysis (0/24)
Scrolls
 a - 5 scrolls of remove curse {@r2}
 p - 4 scrolls of teleportation
Potions
 e - a potion of lignification {unknown}
 i - 8 potions of heal wounds {@q2}
 n - a potion of berserk rage {!q}
 o - a potion of magic {unknown}
 q - 4 potions of curing {unknown}
 w - a potion of mutation {unknown}
 x - a potion of haste {unknown}
 z - 3 potions of flight {unknown}
 A - 3 potions of agility {unknown}
Comestibles
 d - 3 bread rations
 f - a meat ration
 h - 3 chunks of flesh
 C - 2 royal jellies


   Skills:
 + Level 6.8 Fighting
 - Level 1.5 Throwing
 + Level 5.5 Dodging
   Level 1.5 Shields
 - Level 8.0 Unarmed Combat
 - Level 4.8 Spellcasting
 - Level 2.2 Charms
   Level 3.0 Necromancy
 - Level 4.4 Translocations


You had 12 spell levels left.
You knew the following spells:

 Your Spells              Type           Power        Failure   Level  Hunger
b - Shroud of Golubria    Chrm/Tloc      ##........   8%          2    ##.....
B - Blink                 Tloc           N/A          4%          2    ##.....


Dungeon Overview and Level Annotations

Branches:
Dungeon (6/15)             Temple (1/1) D:6

Altars:
Ashenzari
Gozag
Hepliaklqana
Makhleb
Ru
Trog
Vehumet
Wu Jian
Xom
Yredelemnul
Zin
The Shining One
Lugonu

Shops:
D:4 (   D:5 %

Annotations:
D:4 Pikel; Voxish's ghost, novice KoAr
D:5 Dowan; Duvessa; Eustachio
D:6 Blork the orc; Edmund


Innate Abilities, Weirdness & Mutations

You have a short attention span.
You have very sharp teeth.
Your uncanny sense of smell can sniff out nearby items.


Message History

a dagger; a robe Your shroud unravels.
Things that are here:
a dagger; a robe
Things that are here:
a dagger; a robe
Found 19 arrows.
Found a staircase to the Ecumenical Temple.
Unknown command.
There is a staircase to the Ecumenical Temple here.
You climb downwards.
Welcome to the Ecumenical Temple!
There is a staircase back to the Dungeon here.
Unknown command.
Found two corrupted altars of Lugonu and a sacrificial altar of Ru.
Found a radiant altar of Vehumet and a corrupted altar of Lugonu.
Found five altars.
Found an ornate altar of the Wu Jian Council.
Found a basalt altar of Yredelemnul.
Some of the chunks of flesh in your inventory have rotted away.
Are you sure you want to abandon this character and quit the game? (Confirm with "yes".)

##### ##._.##
#..§..# #_≈⌠#_#
#.....# #._.# ###
#.≈.#
#._.###@..#########
#...........#....P#
#_≈⌠._...≈........<#
#..≈.......#.....≈P#
##≈_.###...#########
#### #...# #._.#
#..... #_.⌠._#


There were no monsters in sight!

Vanquished Creatures
  2 slaves
  2 ogres
  A big kobold (Sewer)
  A bullfrog (D:6)
  A scorpion (D:4)
  5 orc wizards (D:6)
  Ijyb (D:5)
  An iguana (D:6)
  3 worker ants
  A gnoll (D:3)
  13 adders
  6 river rats
  2 worms
  7 dart slugs
  2 leopard geckos
  8 orcs
  10 ball pythons
  10 bats
  3 giant cockroaches
  5 goblins (D:1)
  5 hobgoblins
  2 jackals (D:5)
  4 quokkas
  A frilled lizard (D:1)
  22 kobolds
  30 rats
148 creatures vanquished.

Notes
Turn   | Place    | Note
-------+----------+-------------------------------------------
     0 | D:1      | Leszczynek the Gnoll Wanderer began the quest for the Orb.
     0 | D:1      | Leszczynek set off with: 2 curare-tipped needles, a +2 blowgun, the Collected Works on the Rocks, a bread ration, a +0 robe, the Compendium of Translocation
     0 | D:1      | Reached XP level 1. HP: 13/13 MP: 6/6
     0 | D:1      | Identified the Collected Works on the Rocks
     0 | D:1      | Identified the Compendium of Translocation
    12 | D:1      | Learned a level 1 spell: Sandblast
   153 | D:1      | Reached skill level 1 in Unarmed Combat
   230 | D:1      | Reached skill level 2 in Unarmed Combat
   324 | D:1      | Reached XP level 2. HP: 19/19 MP: 5/7
   458 | D:1      | Reached skill level 3 in Unarmed Combat
   575 | D:1      | Reached XP level 3. HP: 16/24 MP: 5/9
   619 | D:1      | Reached skill level 4 in Unarmed Combat
   745 | D:1      | Learned a level 2 spell: Blink
   748 | D:1      | Learned a level 2 spell: Shroud of Golubria
  1380 | D:3      | Reached skill level 5 in Unarmed Combat
  1508 | D:3      | Reached XP level 4. HP: 10/30 MP: 6/10
  1907 | D:3      | Reached skill level 1 in Dodging
  1985 | D:3      | Reached skill level 1 in Charms
  2045 | D:3      | Reached skill level 2 in Dodging
  2291 | D:3      | Reached skill level 2 in Charms
  2291 | D:3      | Reached XP level 5. HP: 30/35 MP: 12/12
  2310 | D:3      | blowgun kobold with a wand of paralysis
  2310 | D:3      | cute
  2437 | D:3      | Reached skill level 3 in Dodging
  2595 | D:4      | Noticed an ogre
  2649 | D:4      | Noticed a slave
  2649 | D:4      | Noticed a slave
  2764 | D:3      | Reached skill level 1 in Fighting
  2983 | D:4      | Noticed a slave
  3024 | D:4      | Killed a slave
  3151 | D:4      | Reached skill level 2 in Fighting
  3170 | D:4      | Found Motsead's Weapon Emporium.
  3170 | D:4      | Noticed Voxish's ghost (novice KoAr)
  3312 | D:5      | Entered Level 5 of the Dungeon
  3312 | D:5      | Noticed Eustachio
  3362 | D:5      | Found a glowing silver altar of Zin.
  3372 | D:5      | Reached skill level 3 in Fighting
  3387 | D:5      | Noticed an ice beast
  3646 | D:4      | Killed an ogre
  3646 | D:4      | Reached skill level 4 in Fighting
  3646 | D:4      | Reached XP level 6. HP: 46/50 MP: 13/13
  3654 | D:4      | Reached skill level 5 in Fighting
  3677 | D:4      | HP: 10/51 [poisoned by a scorpion]
  3906 | D:4      | Noticed a slave
  3908 | D:4      | Noticed Pikel
  3979 | D:5      | Killed a slave
  3993 | D:5      | Noticed Duvessa
  3994 | D:5      | Noticed Dowan
  4102 | D:4      | Got a steaming scale mail
  4113 | D:4      | Identified the +4 scale mail "Qaeko" {MR+ MP+9} (You found it on level 4 of the Dungeon)
  4188 | D:4      | Reached skill level 6 in Unarmed Combat
  4421 | D:5      | Found Zihuxe's Food Boutique.
  4437 | D:5      | Noticed Ijyb
  4462 | D:5      | Reached skill level 7 in Unarmed Combat
  4462 | D:5      | Reached XP level 7. HP: 54/56 MP: 14/14
  4467 | D:5      | Killed Ijyb
  4497 | D:5      | Found a shimmering altar of Xom.
  4498 | D:5      | Found a hazy altar of Hepliaklqana.
  4499 | D:5      | Noticed a spectral ugly thing
  4538 | D:5      | Got a shadowed robe
  4585 | D:5      | Identified the +1 robe of the Cicada {rElec rCorr Str+2 Stlth+} (You found it on level 5 of the Dungeon)
  4802 | D:6      | Found a glowing golden altar of the Shining One.
  4843 | D:6      | Reached skill level 8 in Unarmed Combat
  4892 | D:6      | Reached skill level 4 in Dodging
  4994 | D:6      | Noticed Edmund
  5027 | D:6      | Noticed Blork the orc
  5058 | D:6      | Found a glowing drain.
  5095 | Sewer    | Entered a sewer
  5325 | Sewer    | Reached skill level 6 in Fighting
  5390 | Sewer    | Reached skill level 5 in Dodging
  5426 | Sewer    | Reached XP level 8. HP: 53/65 MP: 15/15
  5770 | D:6      | Found a staircase to the Ecumenical Temple.
  5778 | Temple   | Entered the Ecumenical Temple
  5795 | Temple   | Quit the game

Vault maps used:
D:1:      scummos_arrival_gate, serial_forest, infiniplex_forest_clump_cross,
          infiniplex_forest_clump_small, infiniplex_forest_straight_2,
          infiniplex_forest_end_1, infiniplex_forest_straight_4,
          infiniplex_forest_diagonal, infiniplex_forest_lined_room_2,
          infiniplex_forest_clump_small, kennysheep_crisscross,
          minmay_misc_feat_hallway
D:2:      serial_corexii_hall, corexii_hall_statues_l, corexii_hall_statues_u,
          minivault_23
D:3:      kennysheep_six_static_rooms
D:4:      serial_shops, shop, uniq_pikel
D:5:      regret_index_temple_of_mockery, overflow_temple_1_default,
          lemuel_round_altar, first_bread, serial_shops, kennysheep_mini,
          uniq_sigmund, uniq_duvessa, uniq_ijyb, uniq_eustachio
D:6:      minmay_flawed_box, tgw_sif, lemuel_round_altar, tso_metal_star,
          minmay_temple_entry_overgrown, portal_sewer_entry_e, uniq_edmund,
          uniq_menkaure
Temple:   corrupted_temple
Sewer:    sewer_minmay_treatment

Skill      XL: |  1  2  3  4  5  6  7 |
---------------+----------------------+-----
Unarmed Combat | 2 3 5 7 8 |  8.0
Dodging        | 2 3 5 |  5.5
Charms         | 2 |  2.2
Fighting       | 4 5 6 |  6.8
Throwing       | |  1.5
Shields        | |  1.5
Spellcasting   | |  4.8
Necromancy     | |  3.0
Translocations | |  4.4

Action                   |  1- 3 |  4- 6 |  7- 9 || total
-------------------------+-------+-------+-------++-------
Melee: Dagger            |    42 |       |       ||    42
       Bite              |     6 |    25 |    16 ||    47
       Punch             |     1 |     7 |     2 ||    10
       Unarmed           |    40 |   250 |   199 ||   489
 Cast: Sandblast         |    42 |     5 |       ||    47
       Shroud of Golubri |     4 |    12 |     9 ||    25
Evoke: Wand              |       |    11 |       ||    11
  Use: Scroll            |       |    12 |     1 ||    13
       Potion            |       |     1 |       ||     1
 Stab: Sleeping          |     1 |     1 |     5 ||     7
       Paralysed         |       |    16 |       ||    16
       Distracted        |       |       |     1 ||     1
  Eat: Chunk             |     2 |    10 |     6 ||    18
Armor: Robe              |    28 |       |    33 ||    61
       Leather armour    |       |    49 |       ||    49
       Scale mail        |       |    11 |     7 ||    18
Dodge: Dodged            |    86 |   142 |   131 ||   359
